 Dungeon Crawl Stone Soup version 0.27-a0-1312-g5cdb2b3542 (webtiles) character file.

Game seed: 5483005947968014714

492 Delamore the Poker (level 7, -3/56 HPs)
             Began as a Formicid Fighter on June 19, 2021.
             Succumbed to a water moccasin's poison
             ... on level 4 of the Dungeon.
             The game lasted 00:02:50 (4041 turns).

Delamore the Poker (Formicid Fighter)               Turns: 4041, Time: 00:02:51

Health: -3/56      AC:  8    Str: 22    XL:     7   Next: 37%
Magic:  7/7        EV:  8    Int:  8    God:
Gold:   136        SH: 10    Dex: 10    Spells: 6/6 levels left

rFire    . . .     SeeInvis +   a - +1 trident
rCold    . . .     Faith    .   c - +1 kite shield
rNeg     + . .     Spirit   .   b - +0 scale mail
rPois    .         Reflect  .   (helmet unavailable)
rElec    .         Harm     .   (no cloak)
rCorr    .         Rampage  .   g - +0 pair of gloves
Will     .....                  (no boots)
Stlth    ..........             (no amulet)
HPRegen  0.18/turn              h - ring of positive energy
MPRegen  0.10/turn              (no ring)

@: mighty, brilliant, lethally poisoned (-3 -> -16)
A: permanent stasis, dig shafts and tunnels, antennae 3, four strong arms
a: Dig, Shaft Self


You were on level 4 of the Dungeon.
You visited 1 branch of the dungeon, and saw 5 of its levels.

You collected 136 gold pieces.

Inventory:

Hand Weapons
 a - a +1 trident (weapon)
Missiles
 i - 7 javelins (quivered)
Armour
 b - a +0 scale mail (worn)
 c - a +1 kite shield (worn)
 g - a +0 pair of gloves (worn)
Jewellery
 h - a ring of positive energy (left hand)
Potions
 e - 4 potions of degeneration
 j - 2 potions of flight


   Skills:
 - Level 5.0 Fighting
 * Level 6.7 Polearms
 - Level 3.2 Armour
 - Level 3.6 Shields


You had 6 spell levels left.
You didn't know any spells.
Your spell library was empty.

Dungeon Overview and Level Annotations

Branches:
Dungeon (5/15)
 Temple: D:4-7

Altars:
Dithmenos

Shops:
D:1 [


Innate Abilities, Weirdness & Mutations

You cannot be hasted, slowed, berserked, paralysed or teleported.
You can dig through walls and to a lower floor.
You have a pair of large antennae on your head. (SInv)
Your four strong arms can wield two-handed weapons with a shield.


Message History

You are too injured to fight recklessly!
You are too injured to fight recklessly!
You are too injured to fight recklessly!
You are too injured to fight recklessly!
You are too injured to fight recklessly!
You block the gnoll's attack. The water moccasin closely misses you.
The gnoll shaman closely misses you.
You climb upwards.
There is a stone staircase leading down, spattered with blood here.
You extend your mandibles.
You dig through the rock wall.
The gnoll hits you with a +0 flail!
* * * LOW HITPOINT WARNING * * *
The gnoll shaman hits you with a +0 club.
* * * LOW HITPOINT WARNING * * *
You dig through the rock wall.
It was a potion of brilliance.
You feel clever all of a sudden.
You feel very mighty all of a sudden.
The gnoll shaman hits you with a +0 club.
* * * LOW HITPOINT WARNING * * *
You retract your mandibles.
You puncture the gnoll shaman!
The gnoll shaman is severely wounded.
The gnoll shaman barely misses you.
The gnoll shaman hits you with a +0 club!
* * * LOW HITPOINT WARNING * * *
You barely miss the gnoll shaman.
The gnoll shaman is severely wounded.
The gnoll shaman hits you but does no damage.
You puncture the gnoll shaman!
You kill the gnoll shaman!
The water moccasin barely misses you.
You miss the water moccasin. You block the water moccasin's attack.
You closely miss the water moccasin. You block the water moccasin's attack.
The water moccasin bites you.
* * * LOW HITPOINT WARNING * * *
You are lethally poisoned!
The water moccasin poisons you!
You puncture the water moccasin!
The water moccasin is moderately wounded.
You die...

##.#.## #.# ##.## #.# ###
#.# #.# ####### #.#
#......
##############.#####.#####
#.......S{)..........# #
#.########S#.....##### #
#.# #@###...## # #.# ###
##.## # #.# #.# # #.# #.#
####### #.## ##'## #......
#..# ##...## #.##.<.
##.### ##..<..###.##...
#.#.## ##.......##.##...
#....####.........#.##...


You could see a water moccasin.

Vanquished Creatures
  Edmund (D:4)
  A bullfrog (D:4)
  A scorpion (D:4)
  A water moccasin skeleton (D:4)
  A gnoll shaman (D:4)
  A hound skeleton (D:4)
  4 gnolls
  3 adders
  An ufetubus (D:4)
  An adder skeleton (D:4)
  3 worms
  2 dart slugs
  7 endoplasms
  4 giant cockroaches
  17 goblins
  3 hobgoblins
  3 jackals (D:1)
  5 quokkas
  7 ball pythons
  3 bats
  2 frilled lizards
  6 kobolds
  2 rats (D:3)
79 creatures vanquished.

Notes
Turn   | Place    | Note
-------+----------+-------------------------------------------
     0 | D:1      | Delamore the Formicid Fighter began the quest for the Orb.
     0 | D:1      | Reached XP level 1. HP: 18/18 MP: 1/1
    47 | D:1      | Reached XP level 2. HP: 24/24 MP: 2/2
   155 | D:1      | Found a faded altar of an unknown god.
   162 | D:1      | Found Setos's Antique Armour Boutique.
   306 | D:1      | Reached XP level 3. HP: 28/30 MP: 3/3
   348 | D:1      | Reached skill level 3 in Polearms
   615 | D:1      | You fall into a shaft and drop 1 floor!
  1221 | D:2      | Reached XP level 4. HP: 29/37 MP: 4/4
  2184 | D:3      | Reached skill level 4 in Polearms
  2479 | D:3      | Reached XP level 5. HP: 42/42 MP: 5/5
  2636 | D:4      | Found a shadowy altar of Dithmenos.
  2984 | D:4      | Noticed a bullfrog
  2999 | D:4      | Killed a bullfrog
  3000 | D:4      | Reached skill level 5 in Polearms
  3000 | D:4      | Reached XP level 6. HP: 31/50 MP: 6/6
  3304 | D:4      | Reached skill level 5 in Fighting
  3324 | D:4      | Noticed Edmund
  3363 | D:4      | Killed Edmund
  3364 | D:4      | Reached skill level 6 in Polearms
  3364 | D:4      | Reached XP level 7. HP: 13/56 MP: 7/7
  3920 | D:5      | Entered Level 5 of the Dungeon
  4022 | D:5      | Noticed a water moccasin
  4036 | D:4      | HP: 1/56 [gnoll shaman (8)]
  4041 | D:4      | Succumbed to a water moccasin's poison

Illustrated notes

Levels and vault maps discovered:
D:1:      evilmike_arrival_crescent, layout_rooms,
          ebering_ecumenical_altar_hall, serial_shops, shop
D:2:      layout_loops_corners
D:3:      layout_rooms, grunt_ministairs_10
D:4:      layout_loops_corners, nicolae_dithmenos_shadow_blocks, uniq_edmund
D:5:      layout_basic, serial_shops, nicolae_shop_statue_plus,
          kennysheep_donut, hangedman_feature_mirror, kennysheep_boxes

Skill      XL: |  1  2  3  4  5  6 |
---------------+-------------------+-----
Polearms       | 3 4 5 6 |  6.7
Fighting       | 4 5 |  5.0
Armour         | |  3.2
Shields        | |  3.6

Action                   |  1- 3 |  4- 6 |  7- 9 || total
-------------------------+-------+-------+-------++-------
Melee: Trident           |   111 |   176 |    38 ||   325
Throw: Javelin           |       |     2 |       ||     2
 Abil: Dig               |       |       |     1 ||     1
  Use: Scroll            |     2 |     6 |     2 ||    10
       Potion            |       |       |     2 ||     2
Armor: Scale mail        |    36 |    60 |    20 ||   116
Dodge: Dodged            |    29 |    71 |    14 ||   114
Block: Kite shield       |    47 |    96 |    25 ||   168

Table legend: (Time is in decaauts)
 A = Elapsed time spent in this place.
 B = Non-inter-level travel time spent in this place.
 C = Inter-level travel time spent in this place.
 D = Time resting spent in this place.
 E = Time spent auto-exploring this place.
 F = Levels seen in this place.
 G = Mean time per level.
                   A        B        C        D        E       F      G
               +--------+--------+--------+--------+--------+-----+--------+
         Total |   4135 |   4062 |     73 |    309 |   3119 |   5 |  827.0 |
       Dungeon |   4135 |   4062 |     73 |    309 |   3119 |   5 |  827.0 |
               +--------+--------+--------+--------+--------+-----+--------+

Top non-repeatable levels by time:
     D:4: 1428 daAuts
     D:2: 1274 daAuts
     D:1: 765 daAuts
     D:3: 651 daAuts
     D:5: 14 daAuts
